 Dungeon Sprint DCSS version 0.21.1-1-g345015f (webtiles) character file.

301 Fang the Cleaver (level 6, -14/96 HPs)
             Began as a Minotaur Berserker on May 29, 2018.
             Was a High Priest of Trog.
             Demolished by an eight-headed hydra (15 damage)
             ... in the Dungeon (Sprint IX: "|||||||||||||||||||||||||||||").
             The game lasted 00:00:53 (342 turns).

Fang the Cleaver (Minotaur Berserker)                Turns: 342, Time: 00:00:53

Health: -14/96     AC:  2    Str: 31    XL:     6   Next: 14%
Magic:  5/5        EV: 16    Int:  4    God:    Trog [*****.]
Gold:   0          SH:  0    Dex: 10    Spells: 5/5 levels left

rFire    . . .     SeeInvis .   m - +3 war axe (freeze)
rCold    . . .     Gourm    .   (no shield)
rNeg     . . .     Faith    .   b - +0 animal skin
rPois    .         Spirit   .   (helmet restricted)
rElec    .         Reflect  .   (no cloak)
rCorr    .         Harm     .   (no gloves)
MR       .....     NoTele   +   (no boots)
Stlth    ..........             (no amulet)
HPRegen  0.26/turn              n - +2 ring of evasion
MPRegen  0.09/turn              o - +3 ring of strength

@: berserking, very quick
A: retaliatory headbutt, horns 2
a: Berserk, Trog's Hand, Brothers in Arms, Burn Spellbooks, Renounce Religion


You were in the Dungeon.
You worshipped Trog.
Trog was extremely pleased with you.
You were very hungry.

You visited 1 branch

Inventory:

Hand Weapons
 a - a +0 hand axe
 m - a +3 war axe of freezing (weapon)
Armour
 b - a +0 animal skin (worn)
Jewellery
 n - a +2 ring of evasion (left hand)
 o - a +3 ring of strength (right hand)
Wands
 l - a wand of iceblast (10)
Scrolls
 i - 2 scrolls of blinking
 k - 3 scrolls of remove curse
Potions
 d - 5 potions of curing
 e - 3 potions of heal wounds
 f - a potion of haste
 g - 4 potions of magic
 h - a potion of berserk rage
 j - a potion of invisibility
Comestibles
 c - a ration
 p - 2 chunks of flesh


   Skills:
 + Level 9.5 Fighting
 + Level 10.7 Axes
 + Level 5.0 Armour
 + Level 5.8 Dodging
 + Level 0.1 Stealth


You had 5 spell levels left.
You didn't know any spells.

Dungeon Overview and Level Annotations

Branches:
Dungeon (1/1)

Altars:
Cheibriados
Dithmenos
Elyvilon
Fedhas
Gozag
Hepliaklqana
Kikubaaqudgha
Makhleb
Nemelex Xobeh
Okawaru
Qazlal
Ru
Sif Muna
Trog
Uskayaw
Vehumet
Wu Jian
Xom
Yredelemnul
Zin
The Shining One
Beogh
Jiyva
Lugonu


Innate Abilities, Weirdness & Mutations

You reflexively headbutt those who attack you in melee.
You have a pair of horns on your head.


Message History

The seven-headed hydra closely misses you.
The seven-headed hydra barely misses you.
You completely miss the seven-headed hydra.
You headbutt the seven-headed hydra!!
The seven-headed hydra is heavily wounded.
Unknown command.
You hack one of the seven-headed hydra's heads off!
The six-headed hydra grows two more!
You slash the eight-headed hydra! You freeze the eight-headed hydra.
You headbutt the eight-headed hydra!!
The eight-headed hydra is severely wounded.
The eight-headed hydra closely misses you.
The eight-headed hydra barely misses you.
The eight-headed hydra closely misses you.
The eight-headed hydra barely misses you.
The eight-headed hydra bites you.
* * * LOW HITPOINT WARNING * * *
The eight-headed hydra bites you.
* * * LOW HITPOINT WARNING * * *
The eight-headed hydra bites you!
You die...

▓+▓
▓H▓
▓O▓
▓O▓
▓l▓
▓D▓
▓@▓
▓)▓
▓.▓
▓.▓
▓.▓
▓.▓
▓.▓
▓.▓
▓'▓


You could see an eight-headed hydra, 2 two-headed ogres, a harpy and an iguana.

Vanquished Creatures
  A yak (D)
  A bullfrog (D)
  A wight (D)
  An orc wizard (D)
  2 adders (D)
  An adder zombie (D)
  2 leopard geckos (D)
  An orc (D)
  A bat zombie (D)
  A bat (D)
  A frilled lizard (D)
  A giant cockroach zombie (D)
  A leopard gecko skeleton (D)
  2 rats (D)
17 creatures vanquished.

Notes
Turn   | Place    | Note
-------+----------+-------------------------------------------
     0 | D        | Fang the Minotaur Berserker began the quest for the Orb.
     0 | D        | Reached XP level 1. HP: 19/19 MP: 0/0
     7 | D        | Reached skill level 4 in Axes
    10 | D        | Reached ** piety under Trog
    19 | D        | Noticed an orc wizard
    32 | D        | Reached *** piety under Trog
    32 | D        | Reached XP level 2. HP: 28/28 MP: 1/1
    34 | D        | Reached skill level 5 in Axes
    40 | D        | Reached skill level 5 in Fighting
    40 | D        | Reached skill level 6 in Axes
    40 | D        | Reached XP level 3. HP: 25/37 MP: 2/2
    41 | D        | Reached **** piety under Trog
   204 | D        | Found a roughly hewn altar of Beogh.
   204 | D        | Found a snail-covered altar of Cheibriados.
   204 | D        | Found a shadowy altar of Dithmenos.
   204 | D        | Found a white marble altar of Elyvilon.
   204 | D        | Found a blossoming altar of Fedhas.
   204 | D        | Found an opulent altar of Gozag.
   205 | D        | Found a hazy altar of Hepliaklqana.
   206 | D        | Found a viscous altar of Jiyva.
   207 | D        | Found an ancient bone altar of Kikubaaqudgha.
   208 | D        | Found a corrupted altar of Lugonu.
   209 | D        | Found a burning altar of Makhleb.
   210 | D        | Found a sparkling altar of Nemelex Xobeh.
   211 | D        | Found an iron altar of Okawaru.
   212 | D        | Found a stormy altar of Qazlal.
   213 | D        | Found a sacrificial altar of Ru.
   214 | D        | Found a deep blue altar of Sif Muna.
   215 | D        | Found a bloodstained altar of Trog.
   216 | D        | Found a hide-covered altar of Uskayaw.
   217 | D        | Found a radiant altar of Vehumet.
   218 | D        | Found an ornate altar of the Wu Jian Council.
   219 | D        | Found a shimmering altar of Xom.
   220 | D        | Found a basalt altar of Yredelemnul.
   221 | D        | Found a glowing silver altar of Zin.
   222 | D        | Found a glowing golden altar of the Shining One.
   252 | D        | Noticed a bullfrog
   252 | D        | Noticed a yak
   256 | D        | Killed a yak
   256 | D        | Reached skill level 9 in Axes
   256 | D        | Reached skill level 5 in Dodging
   256 | D        | Reached XP level 4. HP: 49/49 MP: 3/3
   256 | D        | Reached XP level 5. HP: 56/56 MP: 4/4
   258 | D        | Reached skill level 10 in Axes
   260 | D        | Reached ***** piety under Trog
   335 | D        | Noticed a harpy
   335 | D        | Noticed a two-headed ogre
   335 | D        | Noticed a two-headed ogre
   335 | D        | Noticed a seven-headed hydra
   338 | D        | Received a gift from Trog
   338 | D        | Reached skill level 5 in Armour
   338 | D        | Reached XP level 6. HP: 64/64 MP: 5/5
   342 | D        | HP: 1/96 [eight-headed hydra (4)]
   342 | D        | Demolished by an eight-headed hydra

Skill      XL: |  1  2  3  4  5 |
---------------+----------------+-----
Fighting       | 4 5 8 9 |  9.5
Axes           | 4 6 9 10 | 10.7
Armour         | 3 4 5 |  5.0
Dodging        | 3 5 |  5.8
Stealth        | |  0.1

Action                   |  1- 3 |  4- 6 || total
-------------------------+-------+-------++-------
Melee: Hand axe          |    19 |       ||    19
       Headbutt          |     3 |     3 ||     6
       War axe           |     3 |     8 ||    11
Invok: Berserk           |     2 |     1 ||     3
Armor: Animal skin       |     6 |       ||     6
Dodge: Dodged            |    19 |    14 ||    33
